 Dungeon Crawl Stone Soup version 0.17-a0-1442-g10bb59b (webtiles) character file.

112 patman the Cudgeler (level 4, -5/31 HPs)
             Began as an Octopode Fighter on June 27, 2015.
             Slain by a gnoll
             ... wielding a +0 spear
              (11 damage)
             ... on level 2 of the Dungeon.
             The game lasted 00:03:12 (1647 turns).

patman the Cudgeler (Octopode Fighter)              Turns: 1647, Time: 00:03:12

Health: -5/31      AC:  1    Str: 15    XL:     4   Next: 93%
Magic:  4/4        EV: 10    Int: 10    God:
Gold:   81         SH:  8    Dex: 12    Spells: 0 memorised, 3 levels left

rFire  . . .     SeeInvis .     a - +0 flail
rCold  . . .     Clarity  .     b - +0 shield
rNeg   . . .     SustAt   .     (helmet restricted)
rPois  .         Gourm    .     (no amulet)
rElec  .         Spirit   .     (no ring)
rCorr  .         Warding  .     (no ring)
rMut   .         Stasis   .     (no ring)
MR     .....                    (no ring)
Stlth  ++........               (no ring)
                                (no ring)
                                (no ring)
                                (no ring)

@: not resistant to hostile enchantments, unstealthy
A: almost no armour, amphibious, 8 rings, constrict 8, camouflage 1, gelatinous
body 1
a: no special abilities


You were on level 2 of the Dungeon.
You were not hungry.

You visited 1 branch of the dungeon, and saw 2 of its levels.

You collected 81 gold pieces.

Inventory:

Hand weapons
 a - a +0 flail (weapon)
Armour
 b - a +0 shield (worn)
Jewellery
 l - an uncursed ring of sustain attributes {unknown}
Scrolls
 e - 2 scrolls of remove curse {unknown}
 f - a scroll of enchant weapon {unknown}
 i - a scroll of amnesia {unknown}
 k - a scroll of noise {unknown}
 m - 2 scrolls of immolation {unknown}
 p - 2 scrolls of recharging {unknown}
 q - a scroll of fog {unknown}
Potions
 c - 3 potions of might
 h - 3 potions of degeneration {unknown}
 n - a potion of ambrosia {unknown}
 o - a potion of mutation {unknown}
 r - a potion of haste {unknown}
Comestibles
 d - a bread ration
 g - a meat ration
 j - a beef jerky
 s - 2 chunks of flesh


   Skills:
 - Level 3.0 Fighting
 + Level 4.9 Maces & Flails
 - Level 3.0 Dodging
 - Level 3.0 Shields


You had 3 spell levels left.
You didn't know any spells.

Dungeon Overview and Level Annotations

Branches:
Dungeon (2/15)

Altars:
Ashenzari
Nemelex Xobeh


Innate Abilities, Weirdness & Mutations

You cannot wear most types of armour.
You are amphibious.
You can wear up to eight rings at the same time.
You can use your tentacles to constrict eight enemies at once.
Your skin changes colour to match your surroundings (Stealth).
Your rubbery body absorbs attacks (AC +1).


Message History

The hound barks!
The gnoll shouts!
The hound barks!
The hound bites you.
There is an open door, spattered with blood here.
You sock the hound! You grab the hound.
The hound is heavily wounded.
You constrict the hound, but do no damage.
You block the hound's attack. You block the gnoll's attack.
The hound closely misses you. x2
The gnoll hits you from afar with a spear.
You hit the hound. You squeeze the hound.
The hound is almost dead.
You constrict the hound.
You kill the hound!
The hound bites you. The hound completely misses you.
The gnoll hits you from afar with a spear!
* * * LOW HITPOINT WARNING * * *
You barely miss the hound. Your grab misses the hound.
You block the hound's attack.
The gnoll hits you from afar with a spear!
You die...

#.#.........#...
#.#.........#...
####.#.........#...
#.................#
#.###.####...####.#
###...# ####......
#...# #.###..
#+#+#P..# #.# #..
#.gh@...# #.# #..
#...#P.## #.# #..
#...#..# #.# #..
#####..# #(# #..
#.#### #.# #.. #.#
#.# #.. #.# #.# #..
#.# #.# #.. #.# #.#
#..


You could see a hound and a gnoll.

Vanquished Creatures
  A hound (D:2)
  2 gnolls (D:1)
  An adder (D:2)
  2 worms (D:2)
  6 bats
  3 giant cockroaches
  5 goblins
  4 hobgoblins
  4 jackals (D:1)
  2 quokkas (D:2)
  A giant newt (D:2)
  6 kobolds
  5 rats
42 creatures vanquished.

Notes
Turn   | Place    | Note
--------------------------------------------------------------
     0 | D:1      | patman the Octopode Fighter began the quest for the Orb.
     0 | D:1      | Reached XP level 1. HP: 16/16 MP: 1/1
   144 | D:1      | Reached XP level 2. HP: 11/21 MP: 2/2
   402 | D:1      | Reached XP level 3. HP: 19/26 MP: 3/3
   867 | D:2      | Found a sparkling altar of Nemelex Xobeh.
   883 | D:2      | Reached skill level 4 in Maces & Flails
   970 | D:2      | Found a shattered altar of Ashenzari.
  1001 | D:2      | Reached XP level 4. HP: 28/31 MP: 4/4
  1647 | D:2      | Slain by a gnoll

Vault maps used:
D:1:      saegor_arrival_simple_f, grunt_decor_cap
D:2:      lemuel_doored_altar, nicolae_ashenzari_panopticon,
          cheibrodos_gnoll_hut

Action                   |  1- 3 |  4- 6 || total
-------------------------+-------+-------++-------
Melee: Flail             |    55 |    25 ||    80
 Stab: Sleeping          |     1 |     2 ||     3
  Eat: Chunk             |       |     2 ||     2
